 Dungeon Crawl Stone Soup version 0.29-a0-1052-g6990b1bffc (webtiles) character file.

Game seed: 3291324443255372078

65980 quixfox the Geomancer (level 14, -9/103 HPs)
             Began as a Demonspawn Conjurer on Aug 17, 2022.
             Was a High Priest of Vehumet.
             Mangled by a boulder beetle (14 damage)
             ... on level 12 of the Dungeon on Aug 18, 2022.
             The game lasted 01:46:53 (26340 turns).

quixfox the Geomancer (Demonspawn Conjurer)        Turns: 26340, Time: 01:46:53

Health: -9/103     AC: 10    Str:  7    XL:     14   Next: 77%
Magic:  5/28       EV: 13    Int: 25    God:    Vehumet [*****.]
Gold:   1189       SH:  5    Dex: 12    Spells: 10/33 levels left

rFire   . . .      SeeInvis .   i - staff of earth
rCold   + . .      Faith    .   h - +0 buckler
rNeg    . . .      Spirit   .   H - +2 robe {Archmagi}
rPois   .          Reflect  .   (helmet restricted)
rElec   .          Harm     .   x - +0 cloak
rCorr   .          Rampage  .   J - +1 pair of gloves
Will    +....      Archmagi +   (no boots)
Stlth   ++........              D - amulet of Ijoyjau {rC+ Regen+ Slay+3}
HPRegen 1.07/turn               K - +4 ring of slaying
MPRegen 0.21/turn               E - ring of wizardry

@: on berserk cooldown, slowed, very slow
A: horns 1, slimy green scales 2, ignite blood 1, spiny 2
a: Renounce Religion


You were on level 12 of the Dungeon.
You worshipped Vehumet.
Vehumet was extremely pleased with you.
You visited 4 branches of the dungeon, and saw 20 of its levels.
You also visited: Sewer and Ice Cave.

You collected 2392 gold pieces.
You spent 1203 gold pieces at shops.

Inventory:

Missiles
 w - 3 throwing nets
Armour
 h - a +0 buckler (worn)
 x - a +0 cloak (worn)
 H - a +2 robe of the Archmagi (worn)
 J - a +1 pair of gloves (worn)
Magical Staves
 i - a staff of earth (weapon)
Jewellery
 c - a ring of ice
 d - a +4 ring of evasion
 u - a +6 ring of strength
 B - a ring of willpower
 C - a ring of see invisible
 D - the amulet of Ijoyjau (around neck) {rC+ Regen+ Slay+3}
   (You found it on level 11 of the Dungeon)

   [amulet of regeneration]

   Slay:      It affects your accuracy & damage with ranged weapons and melee
   (+3).
   rC:        It protects you from cold.
   Regen:     It increases your rate of health regeneration.
 E - a ring of wizardry (right hand)
 K - a +4 ring of slaying (left hand)
Wands
 a - a wand of polymorph (5)
 j - a wand of flame (34)
 v - a wand of roots (16)
 y - a wand of charming (12)
 G - a wand of digging (2)
Scrolls
 m - 7 scrolls of fear
 o - 12 scrolls of teleportation
 s - 5 scrolls of amnesia
 z - 4 scrolls of enchant weapon
 F - 5 scrolls of immolation
 L - a scroll of poison
 N - 2 scrolls of butterflies
Potions
 b - 4 potions of magic
 e - 2 potions of flight
 g - 5 potions of curing
 k - 2 potions of might
 l - a potion of invisibility
 p - 4 potions of mutation
 q - 2 potions of haste
 r - a potion of cancellation
 t - a potion of ambrosia
 M - 2 potions of brilliance
 O - a potion of resistance


   Skills:
 - Level 7.0 Fighting
 - Level 3.9 Staves
 - Level 5.9 Dodging
 - Level 1.7 Stealth
 - Level 7.0 Shields
 - Level 10.0 Spellcasting
 + Level 13.4 Conjurations
 - Level 3.0 Translocations
 - Level 3.3 Fire Magic
 * Level 14.5 Earth Magic
 - Level 4.3 Evocations


You had 10 spell levels left.
You knew the following spells:

 Your Spells              Type           Power      Damage    Failure   Level
a - Magic Dart            Conj           100%       1d8       1%          1
b - Searing Ray           Conj           100%       2d8       1%          2
c - Passwall              Tmut/Erth      69%        N/A       1%          2
d - Sandblast             Erth           100%       2d20      0%          1
e - Blink                 Tloc           82%        N/A       1%          2
f - Iskenderun's Mystic   Conj/Tloc      69%        2d14      1%          4
g - Conjure Flame         Conj/Fire      69%        6-21      1%          3
h - Lehudib's Crystal Sp  Conj/Erth      55%        10d13     14%         8

Your spell library contained the following spells:

 Spells                   Type           Power      Damage    Failure   Level
 Yara's Violent Unravell  Hex/Tmut       9%         3d6       17%         5
 Poisonous Vapours        Pois/Air       36%        N/A       1%          2
 Dazzling Flash           Conj/Hex       100%       N/A       1%          3
 Ignite Poison            Fire/Tmut/Pois 27%        N/A       1%          3
 Mephitic Cloud           Conj/Pois/Air  51%        N/A       1%          3
 Stone Arrow              Conj/Erth      100%       3d13      1%          3
 Fulminant Prism          Conj/Hex       31%        3d16      1%          4
 Leda's Liquefaction      Hex/Erth       41%        N/A       1%          4
 Sticky Flame             Conj/Fire      69%        2d8       1%          4
 Beastly Appendage        Tmut           36%        N/A       2%          1
 Gell's Gravitas          Tloc           41%        N/A       2%          3
 Teleport Other           Tloc           41%        N/A       2%          3
 Call Imp                 Summ           18%        N/A       4%          2
 Ensorcelled Hibernation  Hex/Ice        36%        N/A       4%          2
 Wereblood                Tmut           18%        N/A       4%          2
 Portal Projectile        Hex/Tloc       60%        N/A       4%          3
 Call Canine Familiar     Summ           18%        N/A       8%          3
 Spider Form              Tmut/Pois      18%        N/A       8%          3
 Swiftness                Air            18%        N/A       8%          3
 Passage of Golubria      Tloc           41%        N/A       8%          4
 Manifold Assault         Tloc           41%        N/A       21%         5
 Corpse Rot               Necr/Pois/Air  18%        N/A       24%         4
 Silence                  Hex/Air        9%         N/A       52%         5
 Dispersal                Tloc           20%        N/A       69%         6
 Storm Form               Tmut/Air       9%         N/A       100%        7


Dungeon Overview and Level Annotations

Branches:
Dungeon (12/15)            Temple (1/1) D:5            Lair (5/5) D:11
  Swamp (0/4) Lair:2       Spider (0/4) Lair:2        Slime (0/5) Lair:5
    Orc (2/2) D:11            Elf (0/3) Orc:2         Sewer (visited)
  IceCv (visited)

Altars:
Ashenzari
Cheibriados
Dithmenos
Fedhas
Gozag
Hepliaklqana
Kikubaaqudgha
Makhleb
Nemelex Xobeh
Okawaru
Qazlal
Ru
Sif Muna
Trog
Uskayaw
Vehumet
Wu Jian
Xom
Yredelemnul
Lugonu

Shops:
D:6 *   Orc:1 :   Orc:2 ?[(?

Portals:
Abyss: Lair:5

Annotations:
D:3 1 runed translucent door, JakeJacob's ghost, amateur GrFi
D:7 2 transporters, HuGe's ghost, novice MiBe
D:11 1 runed translucent door
Lair:1 2 runed translucent doors, Pooter's ghost, novice FeSu


Innate Abilities, Weirdness & Mutations

You have a pair of small horns on your head.
You are mostly covered in slimy green scales. (AC +3)
Your demonic aura sometimes causes spilled blood to erupt in flames.
You are mostly covered in sharp spines.


Message History

The boulder beetle is heavily wounded.
The boulder beetle bites you!
* * * LOW HITPOINT WARNING * * *
You feel much better. The boulder beetle bites you!!
* * * LOW HITPOINT WARNING * * *
Casting: Iskenderun's Mystic Blast (safe; 1% risk of failure)
Confirm with . or Enter, or press ? or * to list all spells.
Okay, then.
A red film seems to cover your vision as you go berserk!
You feel yourself moving faster!
You feel mighty!
The boulder beetle is struck by your spines.
The boulder beetle barely misses you.
You hit the boulder beetle but do no damage.
You headbutt the boulder beetle.
The boulder beetle is severely wounded.
The boulder beetle bites you!!
* * * LOW HITPOINT WARNING * * *
You hit the boulder beetle.
You headbutt the boulder beetle, but do no damage.
The boulder beetle is severely wounded.
The boulder beetle completely misses you.
You hit the boulder beetle but do no damage.
You headbutt the boulder beetle, but do no damage.
The boulder beetle is severely wounded.
You hit the boulder beetle but do no damage.
The boulder beetle is severely wounded.
The boulder beetle bites you!!
* * * LOW HITPOINT WARNING * * *
You hit the boulder beetle but do no damage.
You headbutt the boulder beetle.
The boulder beetle is almost dead.
The boulder beetle leaps!
There is an open door, spattered with blood here.
You feel a strong urge to attack something.
You are no longer berserk.
You are exhausted.
You feel yourself slow down.
There is an open door, spattered with blood here.
The boulder beetle bites you!
You die...

,,,,**** **,*******,***,**,*
,,*** *,* *,* *,**,* ,,* *,*
*,* *,**,* ,** ##+#* *,*
*,,*,* ,* ##...## *,* **,*,*
,*** ##.....## *,****.*,*
,*,****##.....!.## *,,,...,,*
,,,,,,*#.......B.####...#.***
,,,,,,,+........@°........*
,,,,*,*#.........####...#.*
,*,**,*##.........# **,##,*
,****,* ##......≈.## ****,*
,****,* ##......#≈## *,*
,,,,,,* ##..#..≈#≈#####,*
,****** #.≈#...≈#......# ,*
#.≈#.....≈###..# ,*
#####.≈#....÷......#


You could see a boulder beetle.

Vanquished Creatures
  Snorg (Lair:3)
  3 boulder beetles
  Fannar (Orc:1)
  Josephine (D:10)
  3 hydras
  An ice dragon (IceCv)
  Erolcha (D:9)
  An orc high priest (Orc:2)
  2 death yaks (Lair:5)
  4 thrashing horrors (Lair:5)
  Nergalle (Lair:2)
  Amaemon (D:10)
  2 orc knights (Orc:2)
  3 lindwurms
  A harpy (shapeshifter) (Lair:5)
  A deep elf pyromancer (D:12)
  6 orc sorcerers (Orc:2)
  A will-o-the-wisp (Lair:2)
  2 cyclopes
  An ugly thing (Lair:5)
  2 ice statues (IceCv)
  6 elephants (Lair:5)
  Joseph (D:10)
  An orange demon (D:10)
  Maurice (Orc:2)
  2 smoke demons (Lair:5)
  4 black mambas
  A torpor snail (Lair:5)
  11 rime drakes
  9 cane toads
  9 komodo dragons
  A yaktaur (shapeshifter) (Lair:5)
  2 ancient zymes (Lair:5)
  6 trolls
  A polar bear (Lair:5)
  21 blink frogs
  A tyrant leech (shapeshifter) (Lair:5)
  4 slime creatures (D:12)
  A dream sheep (shapeshifter) (Lair:5)
  5 culicivoras (Lair:2)
  6 wraiths
  A ynoxinul (Lair:5)
  A spriggan (Lair:5)
  5 wyverns
  4 fire bats (Lair:3)
  2 steam dragons
  50 yaks
  Grum (D:10)
  A chaos spawn (Lair:5)
  5 basilisks
  9 small abominations (Lair:5)
  4 vampire mosquitoes (D:10)
  4 wargs
  A large abomination (Lair:5)
  12 water moccasins
  An ice beast (D:7)
  24 orc warriors
  A black bear (Lair:3)
  9 ogres
  14 wolves
  A centaur (D:9)
  A phantom (D:6)
  18 bullfrogs
  3 kobold brigands
  2 scorpions
  2 gnoll sergeants
  2 necrophages
  6 wights (D:8)
  13 killer bees
  2 lindwurm simulacra (IceCv)
  2 howler monkeys (D:10)
  2 electric eels
  7 komodo dragon simulacra (IceCv)
  23 orc priests
  3 gnoll boudas
  3 hounds
  2 jellies (Sewer)
  38 orc wizards
  7 adders
  26 gnolls
  2 river rats (Sewer)
  3 acid dragon simulacra (IceCv)
  2 shadow imps
  2 white imps
  9 steam dragon simulacra (IceCv)
  4 worms
  3 dart slugs
  67 orcs
  12 endoplasms
  6 giant cockroaches
  8 goblins
  7 hobgoblins
  3 jackals (D:4)
  4 quokkas
  12 ball pythons
  10 bats
  11 frilled lizards
  12 kobolds
  15 rats
636 creatures vanquished.

Vanquished Creatures (others)
  An orc wizard (Orc:2)
  A bush (Lair:5)
  2 foxfires (Lair:2)
  45 fungi
  82 plants
131 creatures vanquished.

Grand Total: 767 creatures vanquished

Notes
Turn   | Place    | Note
-------+----------+-------------------------------------------
     0 | D:1      | quixfox the Demonspawn Conjurer began the quest for the
                  | Orb.
     0 | D:1      | Reached XP level 1. HP: 13/13 MP: 3/3
     2 | D:1      | Noticed an ogre
     2 | D:1      | Noticed a palentonga
     4 | D:1      | Noticed a meteoran
     4 | D:1      | Noticed an octopode
     6 | D:1      | Noticed a ghoul
     6 | D:1      | Noticed a spriggan
     8 | D:1      | Noticed a vampire
     8 | D:1      | Noticed a merfolk
    10 | D:1      | Noticed a gargoyle
    12 | D:1      | Noticed a formicid
    12 | D:1      | Noticed a draconian
    14 | D:1      | Noticed an elf
    14 | D:1      | Noticed a demigod
    16 | D:1      | Noticed a demonspawn
    18 | D:1      | Noticed a tengu
    20 | D:1      | Noticed a vine stalker
    20 | D:1      | Noticed a troll
    22 | D:1      | Noticed a felid
    22 | D:1      | Noticed a naga
    24 | D:1      | Noticed a draconian
    24 | D:1      | Noticed a minotaur
    26 | D:1      | Noticed a human
    26 | D:1      | Noticed a ghoul
   412 | D:1      | Gained mutation: You are partially covered in slimy green
                  | scales. (AC +2) [demonic ancestry]
   412 | D:1      | Reached XP level 2. HP: 19/19 MP: 3/5
   473 | D:1      | Learned a level 2 spell: Searing Ray
   476 | D:1      | Learned a level 2 spell: Passwall
   682 | D:1      | Found a faded altar of an unknown god.
  1383 | D:2      | Reached XP level 3. HP: 24/24 MP: 3/6
  1789 | D:2      | Reached skill level 1 in Earth Magic
  2004 | D:2      | Learned a level 1 spell: Sandblast
  2540 | D:3      | Gained mutation: You are mostly covered in slimy green
                  | scales. (AC +3) [demonic ancestry]
  2540 | D:3      | Reached XP level 4. HP: 29/30 MP: 2/8
  2652 | D:3      | Found a runed translucent door.
  2652 | D:3      | Noticed JakeJacob's ghost (amateur GrFi)
  3047 | D:3      | Found a broken altar of Ashenzari.
  3696 | D:4      | Noticed a scorpion
  3703 | D:4      | Killed a scorpion
  3704 | D:4      | Reached skill level 2 in Earth Magic
  3704 | D:4      | Gained mutation: You are partially covered in sharp spines.
                  | [demonic ancestry]
  3704 | D:4      | Reached XP level 5. HP: 35/35 MP: 3/9
  3764 | D:4      | Reached skill level 5 in Conjurations
  4135 | D:4      | Reached skill level 3 in Earth Magic
  4144 | D:4      | Noticed a water moccasin
  4150 | D:4      | Killed a water moccasin
  4151 | D:4      | Gained mutation: You have a pair of small horns on your
                  | head. [demonic ancestry]
  4151 | D:4      | Reached XP level 6. HP: 41/41 MP: 2/11
  4269 | D:4      | Found a blossoming altar of Fedhas.
  4269 | D:4      | Found a hazy altar of Hepliaklqana.
  4843 | D:5      | Entered Level 5 of the Dungeon
  4847 | D:5      | Reached skill level 4 in Earth Magic
  4937 | D:5      | Identified a scroll of acquirement
  4937 | D:5      | Acquired a staff of earth
  4983 | D:5      | Found a glowing drain.
  4991 | D:5      | Reached XP level 7. HP: 23/46 MP: 8/13
  4999 | Sewer    | Entered a sewer
  5285 | Sewer    | Found a viscous altar of Jiyva.
  5507 | D:5      | Found a staircase to the Ecumenical Temple.
  5669 | D:6      | Found Hybiohof's General Store.
  5679 | D:6      | Bought a scroll of enchant armour for 75 gold pieces
  5679 | D:6      | Bought a potion of curing for 30 gold pieces
  5681 | D:6      | Reached skill level 5 in Fighting
  5681 | D:6      | Reached skill level 6 in Earth Magic
  5681 | D:6      | Reached XP level 8. HP: 63/63 MP: 13/18
  5689 | D:6      | Reached skill level 8 in Earth Magic
  5689 | D:6      | Reached XP level 9. HP: 68/68 MP: 14/20
  5839 | D:6      | Reached skill level 5 in Shields
  6200 | Temple   | Entered the Ecumenical Temple
  6741 | D:7      | Learned a level 2 spell: Blink
  6790 | D:7      | Found a transporter.
  6793 | D:7      | Found a bloodstained altar of Trog.
  6793 | D:7      | Noticed HuGe's ghost (novice MiBe)
  6798 | D:7      | Noticed a moth of wrath
  6859 | D:7      | Found a transporter.
  7765 | D:8      | Found a snail-covered altar of Cheibriados.
  7859 | D:8      | Reached XP level 10. HP: 76/76 MP: 19/22
  7888 | D:8      | Reached skill level 1 in Translocations
  7893 | D:8      | Learned a level 4 spell: Iskenderun's Mystic Blast
  8503 | D:9      | Noticed Erolcha
  8727 | D:9      | Found a shadowy altar of Dithmenos.
  9724 | D:9      | Gained mutation: Your demonic aura sometimes causes spilled
                  | blood to erupt in flames. [demonic ancestry]
  9724 | D:9      | Reached XP level 11. HP: 23/83 MP: 3/23
 10209 | D:9      | Killed Erolcha
 10247 | D:9      | Found a bloodstained altar of Trog.
 10343 | D:10     | Entered Level 10 of the Dungeon
 10606 | D:5      | Identified the +7 chain mail of Restlessness {rElec}
 11165 | D:10     | Identified the +5 mace of Adost {venom, rElec}
 11240 | D:10     | Noticed Josephine
 11247 | D:10     | Killed Josephine
 11448 | D:10     | Found a radiant altar of Vehumet.
 11453 | D:10     | Became a worshipper of Vehumet
 11474 | D:10     | Noticed Amaemon
 11558 | D:10     | Reached skill level 9 in Earth Magic
 11774 | D:10     | Noticed Joseph
 11774 | D:10     | Noticed Grum
 11783 | D:10     | Killed Joseph
 11788 | D:10     | Killed Grum
 11908 | D:10     | Killed Amaemon
 12358 | D:11     | Found a staircase to the Lair.
 12362 | D:11     | Reached * piety under Vehumet
 12362 | D:11     | Offered knowledge of Freeze by Vehumet.
 12807 | D:11     | Noticed a boulder beetle
 12883 | D:11     | Found a staircase to the Orcish Mines.
 13365 | D:11     | Gained mutation: You are mostly covered in sharp spines.
                  | [demonic ancestry]
 13365 | D:11     | Reached XP level 12. HP: 68/91 MP: 9/25
 13488 | D:11     | Noticed a four-headed hydra
 13495 | D:11     | Killed a four-headed hydra
 13569 | D:11     | Identified the amulet of Ijoyjau {rC+ Regen+ Slay+3}
 13591 | D:11     | Found a runed translucent door.
 13593 | D:11     | Noticed a balrug
 13914 | Orc:1    | Entered Level 1 of the Orcish Mines
 13922 | Orc:1    | Reached skill level 10 in Conjurations
 13922 | Orc:1    | Reached ** piety under Vehumet
 13922 | Orc:1    | Offered knowledge of Static Discharge by Vehumet.
 14034 | Orc:1    | Found Houduiho's Book Shop.
 14145 | Orc:2    | Entered Level 2 of the Orcish Mines
 14145 | Orc:2    | Found a staircase to the Elven Halls.
 14551 | Orc:2    | Offered knowledge of Conjure Flame by Vehumet.
 14729 | Orc:2    | Reached skill level 10 in Earth Magic
 14737 | Orc:2    | Learned a level 3 spell: Conjure Flame
 14862 | Orc:1    | Noticed Fannar
 15021 | Orc:2    | Noticed Maurice
 15039 | Orc:2    | Killed Maurice
 15085 | Orc:2    | Reached *** piety under Vehumet
 15133 | Orc:2    | Reached skill level 10 in Spellcasting
 15271 | Orc:2    | Reached skill level 1 in Fire Magic
 15399 | Orc:1    | Offered knowledge of Frozen Ramparts by Vehumet.
 15401 | Orc:1    | Reached skill level 5 in Dodging
 15600 | Orc:1    | Killed Fannar
 15979 | Orc:2    | Reached **** piety under Vehumet
 15992 | Orc:2    | Noticed an orc high priest
 16245 | Orc:2    | Paralysed by an orc sorcerer for 5 turns
 16253 | Orc:2    | Offered knowledge of Flame Wave by Vehumet.
 16474 | Lair:1   | Entered Level 1 of the Lair of Beasts
 17008 | Lair:1   | Reached XP level 13. HP: 96/96 MP: 16/27
 17071 | Lair:1   | Found a large runed translucent door.
 17071 | Lair:1   | Found a large runed translucent door.
 17080 | Lair:1   | Noticed Pooter's ghost (novice FeSu)
 17931 | Orc:1    | Bought a book of the Moon for 480 gold pieces
 17940 | Orc:1    | Learned a level 8 spell: Lehudib's Crystal Spear
 18256 | Lair:2   | Found a staircase to the Swamp.
 18323 | Lair:2   | Reached skill level 11 in Earth Magic
 18421 | Lair:2   | Found a hole to the Spider Nest.
 18731 | Lair:2   | Noticed Nergalle
 18741 | Lair:2   | Killed Nergalle
 19502 | Lair:3   | Reached ***** piety under Vehumet
 19504 | Lair:3   | Offered knowledge of Conjure Ball Lightning by Vehumet.
 19748 | Lair:3   | Noticed Snorg
 19756 | Lair:3   | Killed Snorg
 19856 | Lair:3   | Reached skill level 12 in Earth Magic
 21417 | Lair:5   | Entered Level 5 of the Lair of Beasts
 21547 | Lair:5   | Found a staircase to the Slime Pits.
 21963 | Lair:5   | Reached XP level 14. HP: 81/103 MP: 26/28
 22329 | Lair:5   | Reached skill level 13 in Earth Magic
 22721 | Lair:5   | Found a corrupted altar of Lugonu.
 22721 | Lair:5   | Found a one-way gate to the infinite horrors of the Abyss.
 23280 | Lair:5   | Offered knowledge of Yara's Violent Unravelling by Vehumet.
 23891 | Lair:5   | Reached skill level 14 in Earth Magic
 24628 | Orc:2    | Found Wicwegrutay's Weapon Boutique.
 24629 | Orc:2    | Found Ixopuzxe's Magic Scroll Shop.
 24630 | Orc:2    | Found Vykanoq's Antique Armour Shop.
 24633 | Orc:2    | Found Kej Wyck's Magic Scroll Boutique.
 24650 | Orc:2    | Bought a transparent ring mail for 225 gold pieces
 24650 | Orc:2    | Identified the +0 ring mail of Zin's Esteem {rC++ MP+9
                  | Int-3 Slay+4} (You bought it in a shop on level 2 of the
                  | Orcish Mines)
 24654 | Orc:2    | Bought a scroll of teleportation for 54 gold pieces
 24654 | Orc:2    | Bought a scroll of amnesia for 72 gold pieces
 24654 | Orc:2    | Bought a scroll of amnesia for 72 gold pieces
 24656 | Orc:2    | Bought a scroll of teleportation for 45 gold pieces
 24656 | Orc:2    | Bought a scroll of teleportation for 45 gold pieces
 24656 | Orc:2    | Bought a scroll of teleportation for 45 gold pieces
 24656 | Orc:2    | Bought a scroll of amnesia for 60 gold pieces
 25149 | D:12     | Found a frozen archway.
 25184 | IceCv    | Entered an ice cave
 26335 | D:12     | HP: 1/154 [boulder beetle (20)]
 26340 | D:12     | Mangled by a boulder beetle

Illustrated notes

Levels and vault maps discovered:
D:1:      kb_arrival_jail, layout_rooms, hellmonk_ecumenical_altar_zigzags,
          skrybe_limestone_x
D:2:      layout_basic
D:3:      layout_basic, ashenzari_conservatory_becter, gammafunk_ghost_grave,
          roderic_batcave, minmay_box_of_dots
D:4:      layout_cave_pools, gammafunk_temple_overflow_elements, minivault_23
D:5:      layout_gridville, minmay_temple_entry_from_below_a,
          cheibrodos_sewer_entry_drain
D:6:      layout_cave_pods, serial_shops, nicolae_shop_stone
D:7:      layout_rooms, gammafunk_ghost_wrathful_warriors
D:8:      layout_loops_ring, cheibriados_altar_1,
          mainiacjoe_overflow_six_doors_small, minmay_checkerbox
D:9:      layout_rooms, general_overflow_altar, tgw_trog,
          serial_co_window_serial, co_window_of_opportunity_a,
          co_window_of_opportunity_a, co_window_of_opportunity_a,
          co_window_of_opportunity_a, co_window_paths_a, co_window_corner_a,
          co_window_paths_b, co_window_2corner, co_window_corner_b,
          co_window_2corner, co_window_corner_ca, co_window_corner_ca,
          co_window_broadway_a, co_window_of_opportunity_b, glass_columns_a,
          glass_columns_a, glass_columns_a, uniq_erolcha
D:10:     layout_roguey, mainiacjoe_overflow_alcove_2, uniq_joseph, uniq_grum,
          uniq_amaemon, uniq_josephine
D:11:     dreamdust_dug_too_deep, layout_basic, grunt_lair_entry_orc_guard_hut,
          david_orc_4
D:12:     layout_loops_corners, portal_ice_cave_rime, minmay_puff
Temple:   nicolae_temple_bog_church
Lair:1:   layout_hall_layers, ebering_ghost_disaster_area,
          eino_small_chamber_without_monster, serial_bayou_shore_a,
          grunt_megastairs_3, infiniplex_staircase_pool
Lair:2:   layout_cave_pods, minmay_swamp_entry_wisps,
          hellmonk_spider_entry_life_and_decay, dreamdust_deal_with_the_devil,
          minmay_stone_trees_small, uniq_nergalle
Lair:3:   layout_gridlike, grunt_megastairs_2, uniq_snorg
Lair:4:   layout_cave_pods, lemuel_fruit_fields, grunt_megastairs_1
Lair:5:   hellmonk_lair_end_abyssal_woods, layout_hall_layers, slime_entry_1,
          serial_bayou, serial_bayou_pond_a, serial_bayou_pond_c,
          serial_bayou_crossing, serial_bayou_pond_e, lemuel_fruit_tree
Orc:1:    layout_caves, serial_shops, shop, uniq_fannar
Orc:2:    st_orc_mages, layout_diamond_mine, uniq_maurice

Skill      XL: |  1  2  3  4  5  6  7  8  9 10 11 12 13 14 |
---------------+-------------------------------------------+-----
Earth Magic    | 1 2 3 4 6 8 9 10 12 14 | 14.5
Spellcasting   | 3 4 6 7 8 9 10 | 10.0
Conjurations   | 5 8 9 10 12 13 | 13.4
Fighting       | 5 6 7 |  7.0
Shields        | 4 5 6 7 |  7.0
Staves         | 3 |  3.9
Evocations     | 4 |  4.3
Translocations | 2 3 |  3.0
Dodging        | 3 5 |  5.9
Fire Magic     | 3 |  3.3
Stealth        | |  1.7

Action                   |  1- 3 |  4- 6 |  7- 9 | 10-12 | 13-15 || total
-------------------------+-------+-------+-------+-------+-------++-------
Melee: Unarmed           |     4 |       |       |       |       ||     4
       Dagger            |     9 |       |       |       |       ||     9
       Staff             |       |       |       |     4 |    70 ||    74
       Headbutt          |       |       |       |     1 |    35 ||    36
 Cast: Magic Dart        |    90 |    80 |     1 |     1 |       ||   172
       Searing Ray       |       |     9 |       |     2 |     1 ||    12
       Sandblast         |       |     8 |   103 |   409 |   395 ||   915
       Iskenderun's Myst |       |       |       |   105 |   149 ||   254
       Blink             |       |       |       |     1 |       ||     1
       Passwall          |       |       |       |       |     1 ||     1
       Lehudib's Crystal |       |       |       |       |     1 ||     1
Evoke: Wand              |       |       |       |    13 |       ||    13
  Use: Scroll            |       |    10 |     4 |    13 |     4 ||    31
       Potion            |       |       |     2 |     5 |     7 ||    14
Armor: Robe              |     5 |     5 |     7 |    32 |    68 ||   117
       Steam dragon scal |       |       |       |    22 |       ||    22
Dodge: Dodged            |    14 |     9 |    25 |   131 |   115 ||   294
Block: Buckler           |       |       |    12 |    54 |    67 ||   133

Table legend: (Time is in decaauts)
 A = Elapsed time spent in this place.
 B = Non-inter-level travel time spent in this place.
 C = Inter-level travel time spent in this place.
 D = Time resting spent in this place.
 E = Time spent auto-exploring this place.
 F = Levels seen in this place.
 G = Mean time per level.
                   A        B        C        D        E       F      G
               +--------+--------+--------+--------+--------+-----+--------+
         Total |  26948 |  25290 |   1658 |   6786 |  10321 |  22 | 1224.9 |
       Dungeon |  14659 |  13399 |   1260 |   2991 |   6685 |  12 | 1221.6 |
        Temple |    185 |    185 |      0 |      0 |    162 |   1 |  185.0 |
          Lair |   7639 |   7275 |    364 |   1648 |   3110 |   5 | 1527.8 |
  Orcish Mines |   2961 |   2927 |     34 |   1373 |    193 |   2 | 1480.5 |
         Sewer |    427 |    427 |      0 |    180 |     71 |   1 |  427.0 |
      Ice Cave |   1074 |   1074 |      0 |    594 |     99 |   1 | 1074.0 |
               +--------+--------+--------+--------+--------+-----+--------+

Top non-repeatable levels by time:
  Lair:5: 2605 daAuts
    D:11: 2416 daAuts
     D:9: 1957 daAuts
   Orc:2: 1766 daAuts
  Lair:4: 1508 daAuts
  Lair:2: 1362 daAuts
     D:1: 1329 daAuts
     D:3: 1300 daAuts
     D:4: 1278 daAuts
   Orc:1: 1195 daAuts
     D:6: 1125 daAuts
  Lair:1: 1115 daAuts
   IceCv: 1074 daAuts
     D:8: 1063 daAuts
  Lair:3: 1047 daAuts
